 Dungeon Crawl Stone Soup version 0.29.1-2-gbd0b4ee654 (webtiles) character file.

Game seed: 2952054667829383654

49 Icepheonix32 the Trooper (level 3, -2/31 HPs)
             Began as a Demigod Fighter on Nov 3, 2022.
             Killed from afar by Sigmund (7 damage)
             ... with a magic dart
             ... on level 2 of the Dungeon.
             The game lasted 00:01:29 (1845 turns).

Icepheonix32 the Trooper (Demigod Fighter)          Turns: 1845, Time: 00:01:30

Health: -2/31      AC:  6    Str: 17    XL:     3   Next: 32%
Magic:  5/5        EV:  9    Int: 14    God:
Gold:   94         SH:  4    Dex: 13    Spells: 2/2 levels left

rFire   . . .      SeeInvis .   a - +0 war axe
rCold   . . .      Faith    .   c - +0 buckler
rNeg    . . .      Spirit   .   b - +0 scale mail
rPois   .          Reflect  .   (no helmet)
rElec   .          Harm     .   (no cloak)
rCorr   .          Rampage  .   (no gloves)
Will    .....                   (no boots)
Stlth   ..........              (no amulet)
HPRegen 0.10/turn               (no ring)
MPRegen 0.09/turn               (no ring)

@: no status effects
A: high MP 1, forlorn, divine attributes
a: no special abilities


You were on level 2 of the Dungeon.
You visited 1 branch of the dungeon, and saw 2 of its levels.

You collected 94 gold pieces.

Inventory:

Hand Weapons
 a - a +0 war axe (weapon)
Missiles
 l - 6 boomerangs (quivered)
Armour
 b - a +0 scale mail (worn)
 c - a +0 buckler (worn)
Scrolls
 g - a scroll of enchant weapon {unknown}
 h - a scroll of blinking {unknown}
 i - a scroll of identify {unknown}
 j - a scroll of teleportation {unknown}
 p - a scroll of poison {unknown}
Potions
 d - a potion of might
 e - a potion of attraction {unknown}
 f - a potion of cancellation {unknown}
 k - a potion of lignification {unknown}
 m - 2 potions of heal wounds {unknown}
 n - a potion of curing {unknown}
 o - a potion of ambrosia {unknown}


   Skills:
 + Level 3.0 Fighting
 - Level 2.3 Axes
 + Level 3.0 Armour
 + Level 0.5 Dodging
 + Level 3.0 Shields
 * Level 0.2 Spellcasting


You had 2 spell levels left.
You didn't know any spells.
Your spell library contained the following spells:

 Spells                   Type           Power      Damage    Failure   Level
 Portal Projectile        Hex/Tloc       0%         N/A       98%         3
 Tukima's Dance           Hex            0%         N/A       98%         3
 Blade Hands              Tmut           0%         N/A       100%        5


Dungeon Overview and Level Annotations

Branches:
Dungeon (2/15)

Annotations:
D:2 Sigmund


Innate Abilities, Weirdness & Mutations

You have an increased reservoir of magic. (+10% MP)
You shall have no god before yourself.
Your divine heritage dramatically boosts your attributes as you level up.


Message History

No target in view!
No target in view!
No target in view!
No target in view!
a - a +0 war axe (weapon)
A rat comes into view.
A rat is nearby!
The rat closely misses you.
You closely miss the rat. The rat bites you. x2
You hit the rat but do no damage. The rat bites you.
You slash the rat!
You kill the rat!
No target in view!
No target in view!
No target in view!
No target in view!
No target in view!
No target in view!
Found a chain mail.
Found a stone staircase leading up.
No target in view!
No target in view!
Sigmund the Dreaded comes into view.
He is wielding a +0 scythe.
Sigmund is nearby!
Sigmund hits you but does no damage.
You barely miss Sigmund.
Sigmund points at you and mumbles some strange words.
The puff of flame hits you!
You hit Sigmund but do no damage. Sigmund hits you with a +0 scythe.
You barely miss Sigmund. Sigmund barely misses you.
You closely miss Sigmund. Sigmund hits you with a +0 scythe!
* * * LOW HITPOINT WARNING * * *
You closely miss Sigmund.
Sigmund gestures wildly while chanting.
Sigmund flickers and vanishes!
Deactivating autopickup; reactivate with Ctrl-A.
You hear some strange, mumbled words.
A magic dart appears from out of thin air!
The magic dart hits you!
You die...

# #. #. ### ..##########<. .
.............######....
..............@{...... #
#.#.########.#########
###.........##.#
..#...#####.##.###############
............##.##...[........#
..####.†..####.##............#
..+..††)..# #.##............#
..###.....# #..#............#
..........# ##.#............#


There were no monsters in sight!

Vanquished Creatures
  3 ball pythons
  An endoplasm (D:1)
  3 giant cockroaches (D:1)
  7 goblins
  6 hobgoblins (D:1)
  10 jackals
  2 quokkas
  4 bats (D:1)
  2 frilled lizards (D:1)
  A kobold (D:2)
  3 rats
42 creatures vanquished.

Notes
Turn   | Place    | Note
-------+----------+-------------------------------------------
     0 | D:1      | Icepheonix32 the Demigod Fighter began the quest for the
                  | Orb.
     0 | D:1      | Reached XP level 1. HP: 18/18 MP: 3/3
   184 | D:1      | Reached XP level 2. HP: 22/26 MP: 4/4
  1385 | D:2      | Reached XP level 3. HP: 31/31 MP: 5/5
  1838 | D:2      | Noticed Sigmund
  1845 | D:2      | Killed from afar by Sigmund

Illustrated notes

Levels and vault maps discovered:
D:1:      lemuel_arrival_cross, layout_loops_corners,
          hellmonk_ecumenical_altar_leap_of_faith
D:2:      layout_basic, kennysheep_generic_room_11, uniq_sigmund, uniq_terence

Skill      XL: |  1  2  3 |
---------------+----------+-----
Fighting       | 3 |  3.0
Axes           | 2 |  2.3
Shields        | 3 |  3.0
Armour         | 3 |  3.0
Dodging        | |  0.5
Spellcasting   | |  0.2

Action                   || total
-------------------------++-------
Melee: War axe           ||   105
       Unarmed           ||    22
Armor: Scale mail        ||    66
Dodge: Dodged            ||    65
Block: Buckler           ||    34
